 Dungeon Crawl Stone Soup version 0.30-a0-1075-gcd70e7a56d (webtiles) character file.

Game seed: 17144905904377838558

28 panzone the Cudgeller (level 2, -4/27 HPs)
             Began as a Minotaur Berserker on Apr 14, 2023.
             Was a Follower of Trog.
             Slain by a gnoll
             ... wielding a +0 halberd of venom
              (11 damage)
             ... on level 2 of the Dungeon.
             The game lasted 00:09:56 (765 turns).

panzone the Cudgeller (Minotaur Berserker)           Turns: 765, Time: 00:09:56

Health: -4/27      AC:  3    Str: 21    XL:     2   Next: 96%
Magic:  1/1        EV: 12    Int:  4    God:    Trog [*.....]
Gold:   79         SH:  0    Dex:  9    Spells: 1/1 levels left

rFire   . . .      SeeInvis .    a - +0 mace
rCold   . . .      Faith    .    (no shield)
rNeg    . . .      Spirit   .    b - +0 animal skin
rPois   .          Reflect  .    (helmet restricted)
rElec   .          Rampage  .    c - +0 cloak
rCorr   .                        (no gloves)
Will    .....                    (no boots)
Stlth   +                        (no amulet)
HPRegen 0.24/turn                (no ring)
MPRegen 0.07/turn                (no ring)

@: lethally poisoned (-4 -> -8)
A: horns 2, retaliatory headbutt
a: Renounce Religion, Berserk


You were on level 2 of the Dungeon.
You worshipped Trog.
Trog was aware of your devotion.
You visited 1 branch of the dungeon, and saw 2 of its levels.

You collected 79 gold pieces.

Inventory:

Hand Weapons
 a - a +0 mace (weapon)
Missiles
 d - 5 datura-tipped darts (quivered)
 g - 5 boomerangs
Armour
 b - a +0 animal skin (worn)
 c - a +0 cloak (worn)
Jewellery
 i - an amulet of reflection
 k - an amulet of magic regeneration
Scrolls
 e - a scroll of blinking {unknown}
 f - a scroll of vulnerability {unknown}
 h - a scroll of teleportation {unknown}
 j - a scroll of fog {unknown}
Potions
 l - a potion of attraction {unknown}


   Skills:
 + Level 4.1 Fighting
 + Level 4.2 Maces & Flails
 + Level 3.1 Armour
 - Level 2.1 Dodging


You had one spell level left.
You didn't know any spells.
Your spell library contained the following spells:

 Spells                   Type           Power      Damage    Failure   Level
 Magic Dart               Conj           0%         1d3       50%         1
 Call Imp                 Summ           0%         N/A       65%         2
 Mephitic Cloud           Conj/Pois/Air  0%         N/A       86%         3


Dungeon Overview and Level Annotations

Branches:
Dungeon (2/15)

Altars:
Makhleb

Shops:
D:1 [((=*


Innate Abilities, Weirdness & Mutations

You have a pair of horns on your head.
You reflexively headbutt those who attack you in melee.


Message History

(D) Dungeon
Where to? (Enter - D:1 @ (x,y), ? - help)
Okay, then.
There is a stone staircase leading down here.
You climb downwards.
There is a stone staircase leading up here.
Found a scroll labelled SEOFAO FOAR.
Found 7 gold pieces and a lumpy inky potion.
A sourceless malevolence fills the Dungeon... and a teleportation trap spontaneously manifests!
You are yanked towards some nearby monsters!
Your surroundings suddenly seem different. 3 gnolls come into view.
A gnoll is wielding a +0 halberd of venom.
Found a dagger.
Found a burning altar of Makhleb.
The gnoll shouts! x3
The gnoll barely misses you.
You sock the gnoll!
The gnoll is severely wounded.
The gnoll closely misses you. The gnoll barely misses you.
You furiously retaliate!
You headbutt the gnoll!
You kill the gnoll!
Trog accepts your kill.
The gnoll hits you from afar with a +0 halberd of venom.
You are poisoned.
The gnoll hits you with a +0 club.
You feel very sick.
You hit the gnoll.
The gnoll is moderately wounded.
You feel sick. The gnoll closely misses you. You furiously retaliate!
You headbutt the gnoll. You hit the gnoll but do no damage.
Your headbutt misses the gnoll.
The gnoll is severely wounded.
You feel sick. The gnoll hits you with a +0 club.
* * * LOW HITPOINT WARNING * * *
You sock the gnoll!
You kill the gnoll!
Trog accepts your kill.
You feel sick.
The gnoll hits you from afar with a +0 halberd of venom!
You die...

##########
#### ..#
#.# #@#
#)#
#...g)#
.........
#.....#.##
#.._..#.#
#.....#)#
#.... #.#
####. ..#


You could see a gnoll.

Vanquished Creatures
  2 gnolls (D:2)
  A giant cockroach (D:1)
  2 goblins (D:1)
  2 hobgoblins (D:1)
  2 kobolds (D:1)
  A quokka (D:1)
  A ball python (D:1)
  6 bats (D:1)
  A frilled lizard (D:1)
  2 rats (D:1)
20 creatures vanquished.

Notes
Turn   | Place    | Note
-------+----------+-------------------------------------------
     0 | D:1      | panzone the Minotaur Berserker began the quest for the Orb.
     0 | D:1      | Reached XP level 1. HP: 19/19 MP: 0/0
   289 | D:1      | Found Hanausk's Antique Armour Shoppe.
   342 | D:1      | Reached XP level 2. HP: 25/27 MP: 1/1
   351 | D:1      | Found Seusaf's Weapon Shoppe.
   460 | D:1      | Found Nejirim's Jewellery Boutique.
   461 | D:1      | Found Ybruidiphi's Assorted Antiques.
   577 | D:1      | Found Alol's Antique Weapon Emporium.
   760 | D:2      | Found a burning altar of Makhleb.
   765 | D:2      | Slain by a gnoll

Illustrated notes

Levels and vault maps discovered:
D:1:      grunt_arrival_lava_bath, layout_basic, serial_shops, shop,
          nicolae_shop_overgrown_old_shop, shop_fountains,
          nicolae_lakefront_shop, nicolae_lakefront_shop, palyth_stone_intersect
D:2:      layout_basic, basic_altar, uniq_jessica

Skill      XL: |  1  2 |
---------------+-------+-----
Maces & Flails | 4 |  4.2
Fighting       | 4 |  4.1
Armour         | 3 |  3.1
Dodging        | |  2.1

Action                     || total
---------------------------++-------
  Melee: Mace              ||    45
         Headbutt          ||     3
         Punch             ||     1
 Armour: Animal skin       ||    14
  Dodge: Dodged            ||    37

Table legend: (Time is in decaauts)
 A = Elapsed time spent in this place.
 B = Non-inter-level travel time spent in this place.
 C = Inter-level travel time spent in this place.
 D = Time resting spent in this place.
 E = Time spent auto-exploring this place.
 F = Levels seen in this place.
 G = Mean time per level.
                   A        B        C        D        E       F      G
               +--------+--------+--------+--------+--------+-----+--------+
         Total |    773 |    696 |     77 |      0 |    388 |   2 |  386.5 |
       Dungeon |    773 |    696 |     77 |      0 |    388 |   2 |  386.5 |
               +--------+--------+--------+--------+--------+-----+--------+

Top non-repeatable levels by time:
     D:1: 753 daAuts
     D:2: 20 daAuts
